PBL
CINCINNATI REDS @ MILWAUKEE BREWERS
03/04/2051
 
TOP OF THE 1ST
Cincinnati Reds batting - Pitching for Milwaukee Brewers : RHP Emerson Robinson
Pitching: RHP Emerson Robinson
Batting: RHB Ronald Simpson 0-0: Ball
1-0: Called Strike
1-1: DOUBLE (Flyball, 89D)
Batting: SHB Samuel Brousseau 0-0: Ball
1-0: Foul Ball, location: 2F
1-1: Ground out 6-3 (Groundball, 6)
Ronald Simpson to third
Batting: RHB Hisamitsu Kanegawa 0-0: Called Strike
0-1: Foul Ball, location: 2F
0-2: Strikes out swinging
Batting: RHB Jen-kan Hu 0-0: Ball
1-0: Foul Ball, location: 2F
1-1: Foul Ball, location: 2F
1-2: Ball
2-2: Strikes out looking
Top of the 1st over - 0 runs, 1 hit, 0 errors, 1 left on base; Cincinnati 0 - Milwaukee 0
BOTTOM OF THE 1ST
Milwaukee Brewers batting - Pitching for Cincinnati Reds : RHP Volmer Kost
Pitching: RHP Volmer Kost
Batting: RHB Katsuyuk Johnson 0-0: SOLO HOME RUN (Line Drive, 78XD), Distance : 420 ft
Batting: RHB Ramón Sánchez 0-0: Ball
1-0: Ground out 6-3 (Groundball, 4MS)
Batting: RHB Bob Underwood 0-0: Called Strike
0-1: Ball
1-1: Ball
2-1: Swinging Strike
2-2: Ground out 5-3 (Groundball, 56S)
Batting: RHB Rob Reid 0-0: Foul Ball, location: 2F
0-1: Ball
1-1: Called Strike
1-2: Ball
2-2: Strikes out swinging
Bottom of the 1st over - 1 run, 1 hit, 0 errors, 0 left on base; Cincinnati 0 - Milwaukee 1
TOP OF THE 2ND
Cincinnati Reds batting - Pitching for Milwaukee Brewers : RHP Emerson Robinson
Batting: RHB Alonso Espinoza 0-0: Called Strike
0-1: Ball
1-1: Ball
2-1: Foul Ball, location: 2F
2-2: Ball
3-2: Ground out 6-3 (Groundball, 4MD)
Batting: RHB Bob Cruz 0-0: Called Strike
0-1: Foul Ball, location: 2F
0-2: Ball
1-2: Strikes out looking
Batting: RHB Norberto Alipisco 0-0: Ball
1-0: Swinging Strike
1-1: Ball
2-1: Ground out 5-3 (Groundball, 56)
Top of the 2nd over - 0 runs, 0 hits, 0 errors, 0 left on base; Cincinnati 0 - Milwaukee 1
BOTTOM OF THE 2ND
Milwaukee Brewers batting - Pitching for Cincinnati Reds : RHP Volmer Kost
Batting: RHB Luis Figueroa 0-0: Ball
1-0: Swinging Strike
1-1: Foul Ball, location: 2F
1-2: Strikes out swinging
Batting: RHB Douglas Pittman 0-0: Fly out, F7 (Flyball, 7S)
Batting: RHB Kevin Gardner 0-0: Called Strike
0-1: Called Strike
0-2: Ball
1-2: Foul Ball, location: 2F
1-2: Foul Ball, location: 2F
1-2: Strikes out looking
Bottom of the 2nd over - 0 runs, 0 hits, 0 errors, 0 left on base; Cincinnati 0 - Milwaukee 1
TOP OF THE 3RD
Cincinnati Reds batting - Pitching for Milwaukee Brewers : RHP Emerson Robinson
Batting: LHB Tyler Covenay 0-0: Ball
1-0: Swinging Strike
1-1: Ball
2-1: Swinging Strike
2-2: Foul Ball, location: 2F
2-2: Ball
3-2: Ground out 4-3 (Groundball, 4)
Batting: RHB Jacob O'Hanly 0-0: Ball
1-0: Foul Ball, location: 2F
1-1: Fly out, F9 (Flyball, 9LS)
Batting: RHB Ronald Simpson 0-0: Called Strike
0-1: Called Strike
0-2: Ball
1-2: Ball
2-2: Ball
3-2: Foul Ball, location: 2F
3-2: Fly out, F9 (Line Drive, 9)
Top of the 3rd over - 0 runs, 0 hits, 0 errors, 0 left on base; Cincinnati 0 - Milwaukee 1
BOTTOM OF THE 3RD
Milwaukee Brewers batting - Pitching for Cincinnati Reds : RHP Volmer Kost
Batting: RHB Vincente Rijo 0-0: Swinging Strike
0-1: Ball
1-1: Fly out, F8 (Line Drive, 8LM)
Batting: LHB Luis Olivo 0-0: Ball
1-0: Swinging Strike
1-1: Called Strike
1-2: Foul Ball, location: 2F
1-2: Ball
2-2: Ball
3-2: Base on Balls
Batting: RHB Katsuyuk Johnson 0-0: Called Strike
0-1: Foul Ball, location: 2F
0-2: Strikes out swinging
Batting: RHB Ramón Sánchez 0-0: Ball
1-0: Foul Ball, location: 2F
1-1: Foul Ball, location: 2F
1-2: Strikes out looking
Bottom of the 3rd over - 0 runs, 0 hits, 0 errors, 1 left on base; Cincinnati 0 - Milwaukee 1
TOP OF THE 4TH
Cincinnati Reds batting - Pitching for Milwaukee Brewers : RHP Emerson Robinson
Batting: SHB Samuel Brousseau 0-0: Ball
1-0: Ball
2-0: Ball
3-0: Called Strike
3-1: Base on Balls
Batting: RHB Hisamitsu Kanegawa 0-0: Ball
1-0: Called Strike
1-1: Foul Ball, location: 2F
1-2: Grounds into double play, 5-4-3 (Groundball, 56S)
Batting: RHB Jen-kan Hu 0-0: Ball
1-0: Foul Ball, location: 2F
1-1: Ground out 4-3 (Groundball, 4)
Top of the 4th over - 0 runs, 0 hits, 0 errors, 0 left on base; Cincinnati 0 - Milwaukee 1
BOTTOM OF THE 4TH
Milwaukee Brewers batting - Pitching for Cincinnati Reds : RHP Volmer Kost
Batting: RHB Bob Underwood 0-0: Called Strike
0-1: Ball
1-1: Called Strike
1-2: Strikes out swinging
Batting: RHB Rob Reid 0-0: Called Strike
0-1: Called Strike
0-2: Ball
1-2: Ball
2-2: Foul Ball, location: 2F
2-2: Fly out, F8 (Flyball, 8RM)
Batting: RHB Luis Figueroa 0-0: Swinging Strike
0-1: Called Strike
0-2: Ball
1-2: Foul Ball, location: 2F
1-2: Strikes out swinging
Bottom of the 4th over - 0 runs, 0 hits, 0 errors, 0 left on base; Cincinnati 0 - Milwaukee 1
TOP OF THE 5TH
Cincinnati Reds batting - Pitching for Milwaukee Brewers : RHP Emerson Robinson
Pitching: RHP Allen O'Brien
Batting: RHB Alonso Espinoza 0-0: Ball
1-0: Swinging Strike
1-1: Called Strike
1-2: Ball
2-2: Strikes out swinging
Batting: RHB Bob Cruz 0-0: Called Strike
0-1: Called Strike
0-2: Ball
1-2: Ground out 4-3 (Groundball, 4)
Batting: RHB Norberto Alipisco 0-0: Ball
1-0: Ball
2-0: Called Strike
2-1: Foul Ball, location: 2F
2-2: Strikes out swinging
Top of the 5th over - 0 runs, 0 hits, 0 errors, 0 left on base; Cincinnati 0 - Milwaukee 1
BOTTOM OF THE 5TH
Milwaukee Brewers batting - Pitching for Cincinnati Reds : RHP Volmer Kost
Pitching: RHP Miguel Rosa
Batting: RHB Douglas Pittman 0-0: Swinging Strike
0-1: Ball
1-1: Ball
2-1: Swinging Strike
2-2: Strikes out looking
Batting: RHB Kevin Gardner 0-0: Ball
1-0: Ball
2-0: Called Strike
2-1: Ground out 2-3 (Groundball, 13S)
Batting: RHB Vincente Rijo 0-0: Ball
1-0: Ground out 5-3 (Groundball, 56)
Bottom of the 5th over - 0 runs, 0 hits, 0 errors, 0 left on base; Cincinnati 0 - Milwaukee 1
TOP OF THE 6TH
Cincinnati Reds batting - Pitching for Milwaukee Brewers : RHP Allen O'Brien
Batting: LHB Tyler Covenay 0-0: Foul Ball, location: 2F
0-1: Foul Ball, location: 2F
0-2: Ball
1-2: SINGLE (Groundball, 6D)
Batting: RHB Jacob O'Hanly 0-0: Foul Ball, location: 2F
0-1: Ball
1-1: Ball
2-1: Ball
3-1: Base on Balls
Tyler Covenay to second
Batting: RHB Ronald Simpson 0-0: Called Strike
0-1: Ball
1-1: Sac Bunt to 15S - play at first, batter OUT! 1-4
Tyler Covenay to third
Jacob O'Hanly to second
Batting: SHB Samuel Brousseau 0-0: Ball
1-0: Called Strike
1-1: Swinging Strike
1-2: SINGLE (Flyball, 89M)
Tyler Covenay scores
Jacob O'Hanly to third
Batting: RHB Hisamitsu Kanegawa 0-0: Foul Ball, location: 2F
0-1: Swinging Strike
0-2: Ball
1-2: Strikes out looking
Batting: RHB Jen-kan Hu 0-0: Fly out, F8 (Flyball, 8RM)
Top of the 6th over - 1 run, 2 hits, 0 errors, 2 left on base; Cincinnati 1 - Milwaukee 1
BOTTOM OF THE 6TH
Milwaukee Brewers batting - Pitching for Cincinnati Reds : RHP Miguel Rosa
Batting: LHB Luis Olivo 0-0: Fly out, F6 (Popup, 4MS)
Batting: RHB Katsuyuk Johnson 0-0: Ball
1-0: Ball
2-0: Called Strike
2-1: Called Strike
2-2: Ball
3-2: Fly out, F5 (Popup, 5SF)
Batting: RHB Ramón Sánchez 0-0: Called Strike
0-1: Ball
1-1: Ball
2-1: Called Strike
2-2: Foul Ball, location: 2F
2-2: Strikes out looking
Bottom of the 6th over - 0 runs, 0 hits, 0 errors, 0 left on base; Cincinnati 1 - Milwaukee 1
TOP OF THE 7TH
Cincinnati Reds batting - Pitching for Milwaukee Brewers : RHP Allen O'Brien
Batting: RHB Alonso Espinoza 0-0: Foul Ball, location: 2F
0-1: Ball
1-1: Foul Ball, location: 2F
1-2: Strikes out swinging
Batting: RHB Bob Cruz 0-0: Ground out U3 (Groundball, 34)
Batting: RHB Norberto Alipisco 0-0: Foul Ball, location: 2F
0-1: Called Strike
0-2: Foul Ball, location: 2F
0-2: Foul Ball, location: 2F
0-2: Strikes out swinging
Top of the 7th over - 0 runs, 0 hits, 0 errors, 0 left on base; Cincinnati 1 - Milwaukee 1
BOTTOM OF THE 7TH
Milwaukee Brewers batting - Pitching for Cincinnati Reds : RHP Miguel Rosa
Batting: RHB Bob Underwood 0-0: Called Strike
0-1: DOUBLE (Line Drive, 7LM)
Batting: RHB Rob Reid 0-0: Ball
1-0: Called Strike
1-1: Foul Ball, location: 2F
1-2: Strikes out looking
Batting: RHB Luis Figueroa 0-0: Called Strike
0-1: Foul Ball, location: 2F
0-2: Strikes out swinging
Batting: RHB Douglas Pittman 0-0: SINGLE (Groundball, 6MD)
Bob Underwood to third
Runner from 3rd tries for Home, SAFE, no throw by CF
Batting: RHB Kevin Gardner 0-0: Foul Ball, location: 2F
0-1: Called Strike
0-2: Ground out 5-3 (Groundball, 56S)
Bottom of the 7th over - 1 run, 2 hits, 0 errors, 1 left on base; Cincinnati 1 - Milwaukee 2
TOP OF THE 8TH
Cincinnati Reds batting - Pitching for Milwaukee Brewers : RHP Allen O'Brien
Now at C: Paul Tenac
Batting: LHB Tyler Covenay 0-0: Called Strike
0-1: Swinging Strike
0-2: Foul Ball, location: 2F
0-2: Strikes out swinging
Batting: RHB Jacob O'Hanly 0-0: Ball
1-0: Called Strike
1-1: Ball
2-1: Foul Ball, location: 2F
2-2: Ball
3-2: Fly out, F7 (Flyball, 7LM)
Pitching: RHP John Barber
Batting: RHB Ronald Simpson 0-0: Ball
1-0: Ball
2-0: Swinging Strike
2-1: Swinging Strike
2-2: Ground out 1-3 (Groundball, 13)
Top of the 8th over - 0 runs, 0 hits, 0 errors, 0 left on base; Cincinnati 1 - Milwaukee 2
BOTTOM OF THE 8TH
Milwaukee Brewers batting - Pitching for Cincinnati Reds : RHP Miguel Rosa
Batting: RHB Vincente Rijo 0-0: Ball
1-0: Ball
2-0: Foul Ball, location: 2F
2-1: Ball
3-1: Base on Balls
Pitching: LHP Jorge Vega
Batting: LHB Luis Olivo 0-0: Ground out 4-3 (Groundball, 34)
Vincente Rijo to second
Pinch Hitting: RHB Jon Hancock 0-0: Called Strike
0-1: Called Strike
0-2: Foul Ball, location: 2F
0-2: DOUBLE (Groundball, 5L)
Vincente Rijo scores
Batting: RHB Tom Jackson 0-0: Ball
1-0: Foul Ball, location: 2F
1-1: Foul Ball, location: 2F
1-2: Foul Ball, location: 2F
1-2: SINGLE (Groundball, 56D)
Jon Hancock to third
Pinch Hitting: LHB Sancho Cruz 0-0: Called Strike
0-1: Fly out, F8 (Line Drive, 8RM)
Runner from 3rd tags up, SCORES, no throw by CF
Pinch Hitting: LHB Raúl Díaz 0-0: Fly out, F6 (Popup, 4MD)
Bottom of the 8th over - 2 runs, 2 hits, 0 errors, 1 left on base; Cincinnati 1 - Milwaukee 4
TOP OF THE 9TH
Cincinnati Reds batting - Pitching for Milwaukee Brewers : RHP John Barber
Pitching: RHP John Powell
Now in LF: Raúl Díaz
Now in CF: Sancho Cruz
Now in RF: Jon Hancock
Pinch Hitting: LHB Jay Quinton 0-0: Ball
1-0: Foul Ball, location: 2F
1-1: Ball
2-1: Called Strike
2-2: Foul Ball, location: 2F
2-2: SINGLE (Line Drive, 9S)
Pinch Hitting: RHB Harris MacPherson 0-0: Ball
1-0: Ball
2-0: Foul Ball, location: 2F
2-1: SINGLE (Flyball, 9LM)
Jay Quinton to second
Pinch Hitting: LHB Ling-lai Jiao 0-0: Called Strike
0-1: Ball
1-1: Fly out, F8 (Flyball, 8LS)
Pinch Hitting: LHB Alfonso Téllez 0-0: Ball
1-0: Swinging Strike
1-1: Called Strike
1-2: Ball
Passed Ball!
Jay Quinton to third
Harris MacPherson to second
2-2: DOUBLE (Line Drive, 89M)
Jay Quinton scores
Harris MacPherson scores
Batting: LHB Terrence Henderson 0-0: Ball
1-0: Swinging Strike
1-1: Foul Ball, location: 2F
1-2: Strikes out looking
Batting: RHB Norberto Alipisco 0-0: Ball
1-0: Called Strike
1-1: Swinging Strike
1-2: Ball
2-2: Strikes out swinging
Top of the 9th over - 2 runs, 3 hits, 0 errors, 1 left on base; Cincinnati 3 - Milwaukee 4
Wednesday, September 18th, 2019 - OOTP Baseball 20.6 Build 54